 Dungeon Crawl Stone Soup version 0.21-a0-442-g848f44b (webtiles) character file.

30 slep the Sneak (level 3, 0/18 HPs)
             Began as a Vine Stalker Wanderer on Nov 16, 2017.
             Slain by an adder (2 damage)
             ... on level 2 of the Dungeon.
             The game lasted 00:02:53 (715 turns).

slep the Sneak (Vine Stalker Wanderer)               Turns: 715, Time: 00:02:53

Health: 0/18       AC:  2    Str: 16    XL:     3   Next: 18%
Magic:  0/4        EV:  9    Int: 10    God:
Gold:   65         SH:  7    Dex: 14    Spells: 2/2 levels left

rFire    . . .     SeeInvis .   h - +0 hand axe
rCold    . . .     Gourm    .   j - +0 shield
rNeg     . . .     Faith    .   e - +0 robe
rPois    .         Spirit   +   (no helmet)
rElec    .         Reflect  .   (no cloak)
rCorr    .         Harm     .   (no gloves)
MR       .....                  (no boots)
Stlth    +++.......             (no amulet)
HPRegen  0.06/turn              (no ring)
MPRegen  0.09/turn              (no ring)

@: lethally poisoned (0 -> -5)
A: fangs 2, magic shield, antimagic bite, no potion heal 3, rot immunity
a: no special abilities


You were on level 2 of the Dungeon.
You were not hungry.

You visited 1 branch of the dungeon, and saw 2 of its levels.

You collected 65 gold pieces.

Inventory:

Hand Weapons
 a - a +2 dagger
 h - a +0 hand axe (weapon)
Armour
 e - a +0 robe (worn)
 j - a +0 shield (worn)
Scrolls
 c - 2 scrolls of teleportation
Potions
 b - 3 potions of berserk rage
 d - 2 potions of curing
 k - a potion of agility {unknown}
Comestibles
 f - a bread ration
 g - a chunk of flesh
 i - a royal jelly


   Skills:
 + Level 2.0 Fighting
 + Level 0.4 Axes
 + Level 1.0 Throwing
 + Level 1.1 Dodging
 + Level 6.8 Stealth
   Level 1.0 Evocations


You had 2 spell levels left.
You didn't know any spells.

Dungeon Overview and Level Annotations

Branches:
Dungeon (2/15)

Altars:


Innate Abilities, Weirdness & Mutations

You have extremely sharp teeth.
When hurt, damage is shared between your health and your magic reserves.
Your bite disrupts and absorbs the magic of your enemies.
Potions cannot restore your health.
You are immune to rotting.


Message History

You hit the adder but do no damage. Your bite misses the adder.
The adder is lightly wounded.
You feel sick. You block the adder's attack. x2
You slash the adder! You bite the adder, but do no damage.
The adder is almost dead.
You feel sick. You block the adder's attack. The adder bites you.
* * * LOW HITPOINT WARNING * * *
You closely miss the adder.
The adder is almost dead.
The adder closely misses you.
You hit the adder.
You kill the adder!
Your Fighting skill increases to level 2!
You have reached level 3!
Your experience leads to an increase in your attributes!
Increase (S)trength, (I)ntelligence, or (D)exterity?
You feel agile.
* * * LOW HITPOINT WARNING * * *
You feel sick. The adder bites you.
You die...

#..# ..
#..#####..#
#........#
##.....KK.
#(.####.#
########.#####.#
#.......K...K..#
#.######S####..#
#########.# #@#
.......<..# #.#
########### #.#
#.# #......#
######.#


You could see an adder and a kobold.

Vanquished Creatures
  An adder (D:2)
  2 leopard geckos (D:1)
  4 bats (D:1)
  A goblin (D:1)
  2 hobgoblins (D:1)
  A frilled lizard (D:1)
  6 kobolds
  2 rats (D:1)
19 creatures vanquished.

Notes
Turn   | Place    | Note
-------+----------+-------------------------------------------
     0 | D:1      | slep the Vine Stalker Wanderer began the quest for the Orb.
     0 | D:1      | slep set off with: a +2 dagger, a potion of berserk rage, a scroll of teleportation, a potion of curing, a +0 robe, a bread ration
     0 | D:1      | Reached XP level 1. HP: 11/11 MP: 2/2
   113 | D:1      | Reached XP level 2. HP: 6/15 MP: 3/3
   715 | D:2      | Reached XP level 3. HP: 3/18 MP: 0/4
   715 | D:2      | Slain by an adder

Vault maps used:
D:1:      grunt_arrival_crossed_arrows
D:2:      first_bread, minivault_19, kennysheep_jessica_study

Skill      XL: |  1  2 |
---------------+-------+-----
Fighting       | 2 |  2.0
Axes           | |  0.4
Throwing       | |  1.0
Dodging        | |  1.1
Stealth        | |  6.8
Evocations     | |  1.0

Action                   || total
-------------------------++-------
Melee: Hand axe          ||    42
       Dagger            ||     3
       Bite              ||    10
 Stab: Sleeping          ||     7
Armor: Robe              ||     6
Dodge: Dodged            ||    22
Block: Shield            ||     5

Table legend:
 A = Spawn XP
 B = Non-spawn XP
 C = Spawn XP percentage of total XP
 D = Spawn monster count
 E = Non-spawn monster count
 F = Spawn count percentage of total count
 G = Total turns spent on level
                    A         B        C        D         E        F      G
               +---------+---------+-------+---------+---------+-------+---------
         Total |       0 |      43 |   0.0 |       0 |      19 |   0.0 |   715
               +---------+---------+-------+---------+---------+-------+---------
           D:1 |       0 |      29 |   0.0 |       0 |      17 |   0.0 |   681
           D:2 |       0 |      14 |   0.0 |       0 |       2 |   0.0 |    34
               +---------+---------+-------+---------+---------+-------+---------
